 Seeded DCSS version 0.30-a0-354-g6b83867211 (webtiles) character file.

Game seed: 2231567656055988436 (custom seed)

793 retardedninja the Trooper (level 7, -2/63 HPs)
             Began as a Hill Orc Fighter on Nov 7, 2022.
             Was an Initiate of Gozag.
             Slain by a black bear (11 damage)
             ... on level 6 of the Dungeon.
             The game lasted 00:06:18 (4975 turns).

retardedninja the Trooper (Hill Orc Fighter)        Turns: 4975, Time: 00:06:19

Health: -2/63      AC: 15    Str: 21    XL:     7   Next: 88%
Magic:  7/7        EV:  6    Int:  8    God:    Gozag
Gold:   230        SH:  5    Dex: 10    Spells: 6/6 levels left

rFire   . . .      SeeInvis .    a - +0 war axe (flame)
rCold   . . .      Faith    .    c - +0 buckler
rNeg    . . .      Spirit   .    s - +2 plate armour
rPois   .          Reflect  .    (no helmet)
rElec   .          Harm     .    l - +0 cloak {rCorr}
rCorr   +          Rampage  .    (no gloves)
Will    .....                    (no boots)
Stlth   ..........               (no amulet)
HPRegen 0.30/turn                (no ring)
MPRegen 0.10/turn                (no ring)

@: no status effects
A: no striking features
a: Renounce Religion, Potion Petition, Call Merchant, Bribe Branch


You were on level 6 of the Dungeon.
You worshipped Gozag.
Gozag was aware of your devotion.
You visited 2 branches of the dungeon, and saw 7 of its levels.

You collected 335 gold pieces.
You paid 105 gold pieces to Gozag.

Inventory:

Hand Weapons
 a - a +0 war axe of flaming (weapon)
Armour
 c - a +0 buckler (worn)
 l - a +0 cloak of preservation (worn)
 s - a +2 plate armour (worn)
Jewellery
 b - a ring of willpower
 k - a ring of positive energy
Scrolls
 e - a scroll of summoning
 f - 2 scrolls of fear
 o - a scroll of noise
 q - a scroll of magic mapping
Potions
 d - a potion of might
 g - a potion of curing
 h - 2 potions of magic {unknown}
 i - 2 potions of flight
 j - 2 potions of brilliance
 n - 3 potions of mutation
 v - 2 potions of lignification
 z - 2 potions of heal wounds
 A - a potion of cancellation {unknown}


   Skills:
 + Level 6.2 Fighting
 + Level 6.1 Axes
 + Level 5.6 Armour
 + Level 5.7 Shields


You had 6 spell levels left.
You didn't know any spells.
Your spell library contained the following spells:

 Spells                   Type           Power      Damage    Failure   Level
 Beastly Appendage        Tmut           0%         N/A       100%        1
 Wereblood                Tmut           0%         N/A       100%        2
 Spider Form              Tmut/Pois      0%         N/A       100%        3


Dungeon Overview and Level Annotations

Branches:
Dungeon (6/15)             Temple (1/1) D:5

Altars:
Ashenzari
Dithmenos
Fedhas
Gozag
Hepliaklqana
Kikubaaqudgha
Makhleb
Okawaru
Qazlal
Ru
Sif Muna
Trog
Uskayaw
Vehumet
Yredelemnul
The Shining One

Shops:
D:4 (


Message History

The black bear barely misses you.
The black bear claws you but does no damage. x2
You hit the black bear but do no damage.
The black bear is almost dead.
You block the black bear's attack. The black bear claws you.
* * * LOW HITPOINT WARNING * * *
The black bear claws you.
* * * LOW HITPOINT WARNING * * *
You closely miss the black bear.
The black bear is almost dead.
The black bear bites you but does no damage.
The black bear claws you but does no damage. x2
The black bear completely misses you.
The black bear claws you but does no damage. x2
You barely miss the black bear.
The black bear is almost dead.
The black bear bites you but does no damage.
The black bear barely misses you.
The black bear claws you but does no damage.
The black bear bites you but does no damage.
The black bear claws you but does no damage.
The black bear barely misses you.
You closely miss the black bear.
The black bear is almost dead.
The black bear bites you but does no damage.
The black bear completely misses you. The black bear claws you.
* * * LOW HITPOINT WARNING * * *
The black bear bites you.
* * * LOW HITPOINT WARNING * * *
You block the black bear's attack. x2
Okay, then.
You can't see any enemies this would affect, really read the scroll of fear?
Okay, then.
You hit the black bear. You burn the black bear.
The black bear is almost dead.
You block the black bear's attack.
The black bear claws you but does no damage.
You block the black bear's attack. The black bear bites you!
You die...
Your body crumbles into a pile of gold.

$ ..# ..# ##### ...# #...#
..# #.## ......# #.#.
..#..# #.#.### #h..#
#....## #@# #....#. ##.#
#...... #######..# #.....#
##.......## #......
.........# #....##
#.......###########)...##
..........................
###......###########....##
##.....# ######


You could see a black bear (berserk).

Vanquished Creatures
  An ice beast (D:6)
  2 ogres
  A bullfrog (D:6)
  A scorpion (D:5)
  A jelly (D:6)
  2 hounds
  An iguana (D:4)
  3 orc wizards (D:4)
  6 gnolls (D:5)
  6 adders
  An ufetubus (D:5)
  3 worms
  5 dart slugs
  6 orcs
  10 endoplasms
  2 giant cockroaches (D:1)
  5 goblins
  12 hobgoblins
  6 quokkas
  3 ball pythons
  3 bats
  13 frilled lizards
  9 kobolds
  2 rats (D:1)
104 creatures vanquished.

Vanquished Creatures (others)
  6 plants
6 creatures vanquished.

Grand Total: 110 creatures vanquished

Notes
Turn   | Place    | Note
-------+----------+-------------------------------------------
     0 | D:1      | retardedninja the Hill Orc Fighter began the quest for the
                  | Orb.
     0 | D:1      | Reached XP level 1. HP: 19/19 MP: 1/1
   140 | D:1      | Reached XP level 2. HP: 24/27 MP: 2/2
   241 | D:1      | Found a faded altar of an unknown god.
   356 | D:1      | Reached XP level 3. HP: 33/33 MP: 3/3
   993 | D:2      | Reached XP level 4. HP: 36/40 MP: 4/4
  1807 | D:3      | Found a broken altar of Ashenzari.
  1901 | D:3      | Reached XP level 5. HP: 42/47 MP: 5/5
  2965 | D:4      | Reached skill level 5 in Fighting
  2965 | D:4      | Reached XP level 6. HP: 56/56 MP: 6/6
  3150 | D:4      | Found Fynamiuh's Weapon Shop.
  3461 | D:4      | Reached skill level 5 in Axes
  3925 | D:5      | Entered Level 5 of the Dungeon
  3934 | D:5      | Reached skill level 5 in Shields
  3989 | D:5      | Found a basalt altar of Yredelemnul.
  3998 | D:5      | Reached skill level 5 in Armour
  4097 | D:5      | Reached XP level 7. HP: 61/61 MP: 7/7
  4448 | D:5      | Noticed a +0 falchion
  4448 | D:5      | Noticed a +0 short sword
  4448 | D:5      | Noticed a +0 dagger
  4452 | D:5      | Noticed a +0 short sword
  4452 | D:5      | Noticed a +0 dagger
  4453 | D:5      | Noticed a +0 falchion
  4453 | D:5      | Noticed a +0 spear
  4454 | D:5      | Noticed a +0 spear
  4464 | D:5      | Found a hide-covered altar of Uskayaw.
  4549 | D:5      | Found a staircase to the Ecumenical Temple.
  4786 | Temple   | Entered the Ecumenical Temple
  4849 | D:6      | Found an opulent altar of Gozag.
  4908 | D:6      | Became a worshipper of Gozag Ym Sagoz the Greedy
  4975 | D:6      | Slain by a black bear

Illustrated notes

Levels and vault maps discovered:
D:1:      amcnicky_arrival_choice, layout_basic,
          shapermc_ecumenical_altar_ellora, minmay_misc_feat_ornament
D:2:      layout_basic, minmay_lizard_king
D:3:      layout_loops_ring, mainiacjoe_overflow_cross_hatched
D:4:      layout_basic, serial_shops, nicolae_shop_trees, serial_bayou_pond_a
D:5:      layout_loops_ring, nicolae_uskayaw_en_pointe,
          yredelemnul_altar_generic, minmay_temple_entry_fiery
D:6:      layout_rooms, chei_slow_surprise,
          nicolae_gozag_cash_rules_everything_around_me
Temple:   nicolae_temple_no_exploring_needed

Skill      XL: |  1  2  3  4  5  6  7 |
---------------+----------------------+-----
Axes           | 3 4 5 6 |  6.1
Fighting       | 4 5 6 |  6.2
Shields        | 4 5 |  5.7
Armour         | 4 5 |  5.6

Action                   |  1- 3 |  4- 6 |  7- 9 || total
-------------------------+-------+-------+-------++-------
Melee: War axe           |    86 |   155 |    37 ||   278
  Use: Scroll            |       |    18 |     1 ||    19
Armor: Scale mail        |    42 |    26 |       ||    68
       Plate armour      |       |    57 |    37 ||    94
Dodge: Dodged            |    56 |    49 |    14 ||   119
Block: Buckler           |    18 |    31 |    23 ||    72

Table legend: (Time is in decaauts)
 A = Elapsed time spent in this place.
 B = Non-inter-level travel time spent in this place.
 C = Inter-level travel time spent in this place.
 D = Time resting spent in this place.
 E = Time spent auto-exploring this place.
 F = Levels seen in this place.
 G = Mean time per level.
                   A        B        C        D        E       F      G
               +--------+--------+--------+--------+--------+-----+--------+
         Total |   5068 |   4807 |    261 |    325 |   3700 |   7 |  724.0 |
       Dungeon |   5066 |   4805 |    261 |    325 |   3700 |   6 |  844.3 |
        Temple |      1 |      1 |      0 |      0 |      0 |   1 |    1.0 |
               +--------+--------+--------+--------+--------+-----+--------+

Top non-repeatable levels by time:
     D:4: 1351 daAuts
     D:2: 1033 daAuts
     D:5: 918 daAuts
     D:3: 818 daAuts
     D:1: 801 daAuts
     D:6: 143 daAuts
  Temple: 1 daAuts
